 Dungeon Crawl Stone Soup version 0.31.0-32-g396128a36d (webtiles) character file.

Game seed: 899466682750201142

217 jagang the Slasher (level 5, -6/42 HPs)
             Began as a Human Monk on Mar 19, 2024.
             Was a Believer of Zin.
             Mangled by Duvessa
             ... wielding a +0 rapier
              (12 damage)
             ... on level 4 of the Dungeon.
             The game lasted 00:08:37 (2701 turns).

jagang the Slasher (Human Monk)                     Turns: 2701, Time: 00:08:37

Health: -6/42      AC: 12    Str: 11    XL:     5   Next: 94%
Magic:  0/5        EV:  6    Int: 10    God:    Zin [**....]
Gold:   57         SH:  0    Dex: 18    Spells: 4/4 levels left

rFire   . . .        h - +0 rapier
rCold   . . .        d - orb {light}
rNeg    . . .        x - +0 chain mail
rPois   .            (no helmet)
rElec   .            A - +0 cloak
rCorr   .            y - +2 pair of gloves {infuse}
SInv    .            (no boots)
Will    .....        (no amulet) Stlth
                     (no ring)
HPRegen 0.27/turn    (no ring)
MPRegen 0.09/turn

%: no passive effects
@: glowing
A: explore regen
a: Renounce Religion, Recite, Vitalisation, Donate Gold


You were on level 4 of the Dungeon.
You worshipped Zin.
Zin was pleased with you.
You visited 1 branch of the dungeon, and saw 4 of its levels.

You collected 213 gold pieces.
You spent 150 gold pieces at shops.
You donated 6 gold pieces to Zin.

Inventory:

Hand Weapons
 h - a +0 rapier (weapon)
 u - a +0 long sword
Missiles
 l - 2 boomerangs (quivered)
Armour
 d - an orb of light (worn)
 x - a +0 chain mail (worn)
 y - a +2 pair of gloves of infusion (worn)
 A - a +0 cloak (worn)
Jewellery
 e - a ring of ice
 i - an amulet of regeneration
Wands
 a - a wand of roots (6)
Scrolls
 b - 2 scrolls of vulnerability {unknown}
 j - 2 scrolls of enchant armour {unknown}
 k - 3 scrolls of identify {unknown}
 n - a scroll of fear {unknown}
 q - a scroll of silence {unknown}
 r - a scroll of enchant weapon {unknown}
 t - a scroll of amnesia {unknown}
 v - a scroll of brand weapon {unknown}
 z - a scroll of revelation {unknown}
 C - a scroll of fog {unknown}
Potions
 c - a potion of ambrosia
 f - 3 potions of heal wounds {unknown}
 g - a potion of berserk rage {unknown}
 m - a potion of magic {unknown}
 o - a potion of mutation {unknown}
 p - a potion of invisibility {unknown}
 s - 2 potions of resistance {unknown}
 w - 4 potions of curing {unknown}
 B - a potion of degeneration {unknown}


   Skills:
 + Level 4.1 Fighting
 * Level 2.4(3.9) Short Blades
 - Level 4.7(5.1) Long Blades
 - Level 3.0 Dodging
 + Level 1.2 Invocations


You had 4 spell levels left.
You didn't know any spells.
Your spell library contained the following spells:

 Spells                   Type           Power      Damage    Failure   Level
 Apportation              Tloc           0%         N/A       100%        1
 Kiss of Death            Conj/Necr      0%         2d5       100%        1
 Necrotise                Necr           0%         1d4       100%        1
 Sting                    Conj/Alch      0%         1d3       100%        1
 Summon Small Mammal      Summ           0%         N/A       100%        1
 Confusing Touch          Hex            0%         N/A       100%        3
 Dispel Undead            Necr           0%         3d6       100%        4


Dungeon Overview and Level Annotations

Branches:
Dungeon (4/15)
 Temple: D:4-7

Altars:
Elyvilon
Qazlal
Zin

Shops:
D:2 =   D:4 [

Annotations:
D:4 Duvessa


Innate Abilities, Weirdness & Mutations

You regain HP and MP as you explore.


Message History

You throw a boomerang. The boomerang barely misses Duvessa.
You throw a boomerang. The boomerang barely misses Duvessa.
You throw a boomerang. The boomerang hits Duvessa.
Duvessa is lightly wounded.
Duvessa rages.
Duvessa hits you with a +0 rapier.
You barely miss Duvessa.
Duvessa is lightly wounded.
Duvessa hits you with a +0 rapier. Duvessa barely misses you.
You barely miss Duvessa.
Duvessa is lightly wounded.
Duvessa hits you with a +0 rapier.
You hit Duvessa.
Duvessa is lightly wounded.
Duvessa hits you with a +0 rapier. Duvessa barely misses you.
You hit Duvessa.
Duvessa is moderately wounded.
Duvessa hits you with a +0 rapier.
You hit Duvessa.
Duvessa is moderately wounded.
Duvessa hits you but does no damage. Duvessa hits you with a +0 rapier!
You hit Duvessa.
Duvessa is moderately wounded.
Duvessa hits you with a +0 rapier!
* * * LOW HITPOINT WARNING * * *
You hit Duvessa but do no damage.
Duvessa is moderately wounded.
Duvessa hits you but does no damage. Duvessa barely misses you.
You hit Duvessa but do no damage.
Duvessa is moderately wounded.
Duvessa closely misses you.
You hit Duvessa.
Duvessa is moderately wounded.
Duvessa hits you with a +0 rapier.
* * * LOW HITPOINT WARNING * * *
Duvessa barely misses you.
You hit Duvessa but do no damage.
Duvessa is moderately wounded.
Duvessa hits you with a +0 rapier!
You die...

[##..# #.......#.... ...... #..
..#..........###.. .>.... #..#
#... ##.......... ..##.
....###...###........... ..#
.........##..#..........
##......###................).....
...#....#... ....####...#........
#..#.##...# #.e..#..#..........
#........#### #@.....#.##....###
#........#..#####..##....#......#
..##......#..##..#..#........%...
..##.....##.....###.##...........
..##..........#.##..##.##........
......#.......#.........##.....##
.....##.............#.####.....#
#....###............### #......
##..###.............# .##.


You could see Duvessa (berserk).

Vanquished Creatures
  Dowan (D:4)
  An iguana (D:4)
  An orc wizard (D:3)
  3 adders
  2 ribbon worms
  A dart slug (D:3)
  8 orcs
  6 ball pythons
  5 endoplasms
  4 giant cockroaches
  8 goblins
  2 hobgoblins
  4 jackals (D:1)
  5 quokkas
  5 bats
  2 frilled lizards (D:3)
  6 kobolds
  8 rats
72 creatures vanquished.

Notes
Turn   | Place    | Note
-------+----------+-------------------------------------------
     0 | D:1      | jagang the Human Monk began the quest for the Orb.
     0 | D:1      | Reached XP level 1. HP: 18/18 MP: 1/1
    81 | D:1      | Reached XP level 2. HP: 22/24 MP: 2/2
   480 | D:1      | Reached XP level 3. HP: 27/29 MP: 3/3
   667 | D:2      | Found Yttofy's Jewellery Emporium.
   895 | D:2      | Reached skill level 1 in Short Blades
  1383 | D:2      | Reached XP level 4. HP: 30/35 MP: 4/4
  1541 | D:3      | Found a white marble altar of Elyvilon.
  1732 | D:3      | Found a stormy altar of Qazlal.
  2049 | D:3      | Reached XP level 5. HP: 28/42 MP: 5/5
  2272 | D:4      | Found Ziril's Antique Armour Boutique.
  2280 | D:4      | Bought a pair of runed gloves for 150 gold pieces
  2446 | D:4      | Noticed Dowan
  2466 | D:4      | Killed Dowan
  2467 | D:4      | Reached skill level 1 in Invocations
  2484 | D:4      | Noticed Duvessa
  2578 | D:4      | Found a glowing silver altar of Zin.
  2579 | D:4      | Noticed an angel
  2601 | D:4      | Became a worshipper of Zin the Law-Giver
  2601 | D:4      | Reached * piety under Zin
  2601 | D:4      | Reached ** piety under Zin
  2701 | D:4      | Mangled by Duvessa

Illustrated notes

Levels and vault maps discovered:
D:1:      lightli_arrival_chessboard, layout_rooms, hangedman_decor_opposing,
          st_stairs_14, minmay_misc_feat_encased
D:2:      layout_basic, serial_shops, shop
D:3:      layout_basic, nicolae_qazlal_general_emergency,
          mainiacjoe_overflow_chevrons, kennysheep_generic_room_7
D:4:      layout_cave_pools, zin_angel, serial_shops, nicolae_shop_stone,
          uniq_duvessa

Skill      XL: |  1  2  3  4  5 |
---------------+----------------+-----
Short Blades   | 1 2 |  2.4
Long Blades    | 4 |  4.7
Fighting       | 4 |  4.1
Invocations    | 1 |  1.2
Dodging        | |  3.0

Action                     |  1- 3 |  4- 6 || total
---------------------------+-------+-------++-------
  Melee: Falchion          |    18 |       ||    18
         Rapier            |    86 |    50 ||   136
         Long sword        |       |    45 ||    45
  Throw: Boomerang         |       |     4 ||     4
 Armour: Robe              |     6 |       ||     6
         Scale mail        |    74 |     9 ||    83
         Chain mail        |       |    67 ||    67
  Dodge: Dodged            |    62 |    38 ||   100
